EL
MIDLAND ROCKHOUNDS @ CHATTANOOGA LOOKOUTS
04/03/2044
 
TOP OF THE 1ST
Midland RockHounds batting - Pitching for Chattanooga Lookouts : RHP Tom Aagaard
Pitching: RHP Tom Aagaard
Batting: RHB Willie de los Santos 0-0: Ball
1-0: Foul Ball, location: 2F
1-1: Fly out, F5 (Line Drive, 5, EV 76.9 MPH)
Batting: RHB Mario Ramos 0-0: Ball
1-0: Ground out 6-3 (Groundball, 6, EV 79.4 MPH)
Batting: LHB Chance Stever 0-0: Ball
1-0: DOUBLE (Line Drive, 9LM, EV 106.3 MPH)
Batting: RHB Jorge Bernal 0-0: Called Strike
0-1: Swinging Strike
0-2: Ball
1-2: Ball
2-2: Ball
3-2: Fly out, F7 (Flyball, 7, EV 82.5 MPH)
Top of the 1st over - 0 runs, 1 hit, 0 errors, 1 left on base; Midland 0 - Chattanooga 0
BOTTOM OF THE 1ST
Chattanooga Lookouts batting - Pitching for Midland RockHounds : RHP Tom Coates
Pitching: RHP Tom Coates
Batting: LHB Marius Tadini 0-0: Ball
1-0: Ball
2-0: Ball
3-0: Called Strike
3-1: Foul Ball, location: 2F
3-2: Foul Ball, location: 2F
3-2: Foul Ball, location: 2F
3-2: Strikes out swinging
Batting: RHB Ruben Martinez 0-0: Ball
1-0: Ball
2-0: Called Strike
2-1: Foul Ball, location: 2F
2-2: Ball
3-2: Strikes out looking
Batting: LHB Matt Robertson 0-0: Foul Ball, location: 2F
0-1: Ball
1-1: Ball
2-1: Foul Ball, location: 2F
2-2: Foul Ball, location: 2F
2-2: Foul Ball, location: 2F
2-2: Ball
3-2: Strikes out looking
Bottom of the 1st over - 0 runs, 0 hits, 0 errors, 0 left on base; Midland 0 - Chattanooga 0
TOP OF THE 2ND
Midland RockHounds batting - Pitching for Chattanooga Lookouts : RHP Tom Aagaard
Batting: RHB Chris Montgomery 0-0: Ball
1-0: Swinging Strike
1-1: Ground out 3-1 (Groundball, 34, EV 79.4 MPH)
Batting: SHB Quincy Bradford 0-0: Ball
1-0: Ball
2-0: Foul Ball, location: 2F
2-1: Foul Ball, location: 2F
2-2: Foul Ball, location: 2F
2-2: Ball
3-2: Fly out, F7 (Flyball, 7LM, EV 90.6 MPH)
Batting: RHB Fathi Addae 0-0: Ball
1-0: Foul Ball, location: 2F
1-1: Ball
2-1: Ball
3-1: Ground out U3 (Groundball, 3, EV 89.4 MPH)
Top of the 2nd over - 0 runs, 0 hits, 0 errors, 0 left on base; Midland 0 - Chattanooga 0
BOTTOM OF THE 2ND
Chattanooga Lookouts batting - Pitching for Midland RockHounds : RHP Tom Coates
Batting: RHB Isaiah Easter 0-0: Ball
1-0: Fly out, F1 (Popup, P, EV 88.1 MPH)
Batting: RHB Justin Allison 0-0: Called Strike
0-1: Ball
1-1: Fly out, F4 (Line Drive, 4, EV 68.8 MPH)
Batting: SHB Chris Ortiz 0-0: Called Strike
0-1: Ground out 5-3 (Groundball, 56, EV 103.8 MPH)
Bottom of the 2nd over - 0 runs, 0 hits, 0 errors, 0 left on base; Midland 0 - Chattanooga 0
TOP OF THE 3RD
Midland RockHounds batting - Pitching for Chattanooga Lookouts : RHP Tom Aagaard
Batting: RHB Bastiaan Leenders 0-0: Swinging Strike
0-1: Ball
1-1: Ball
2-1: Ball
3-1: Base on Balls
Batting: RHB D.J. Torres 0-0: Ball
Bastiaan Leenders steals 2nd base
1-0: Called Strike
1-1: SINGLE (Groundball, 13, EV 81.3 MPH) (infield hit)
Bastiaan Leenders to third
Pitching: RHP Justin Nourse
Batting: RHB Willie de los Santos 0-0: Foul Ball, location: 2F
0-1: Grounds into double play, 5-4-3 (Groundball, 56, EV 85.6 MPH)
Bastiaan Leenders scores
Batting: RHB Mario Ramos 0-0: Swinging Strike
0-1: Swinging Strike
0-2: Ball
1-2: Strikes out swinging
Top of the 3rd over - 1 run, 1 hit, 0 errors, 0 left on base; Midland 1 - Chattanooga 0
BOTTOM OF THE 3RD
Chattanooga Lookouts batting - Pitching for Midland RockHounds : RHP Tom Coates
Batting: RHB Bobby Paredes 0-0: Called Strike
0-1: Ball
1-1: Ball
2-1: DOUBLE (Line Drive, 78D, EV 99.4 MPH)
Batting: RHB Julian de Reus 0-0: Ball
1-0: Fly out, F2 (Popup, 23F, EV 81.9 MPH)
Batting: RHB Francisque Regras 0-0: Called Strike
0-1: Ball
1-1: Ball
2-1: Ground out 3-1 (Groundball, 13, EV 81.3 MPH)
Bobby Paredes to third
Batting: LHB Marius Tadini 0-0: Called Strike
0-1: Ball
1-1: Ball
2-1: Foul Ball, location: 2F
2-2: Foul Ball, location: 2F
2-2: Ball
3-2: Ground out 5-3 (Groundball, 5, EV 91.3 MPH)
Bottom of the 3rd over - 0 runs, 1 hit, 0 errors, 1 left on base; Midland 1 - Chattanooga 0
TOP OF THE 4TH
Midland RockHounds batting - Pitching for Chattanooga Lookouts : RHP Justin Nourse
Batting: LHB Chance Stever 0-0: Ground out 6-3 (Groundball, 6, EV 87.5 MPH)
Batting: RHB Jorge Bernal 0-0: Ground out 4-3 (Groundball, 34, EV 93.1 MPH)
Batting: RHB Chris Montgomery 0-0: SINGLE (Groundball, 56D, EV 96.3 MPH)
Batting: SHB Quincy Bradford 0-0: Ball
1-0: Ball
Wild Pitch!
Chris Montgomery to second
2-0: Called Strike
2-1: DOUBLE (Flyball, 89D, EV 101.3 MPH)
Chris Montgomery scores
Batting: RHB Fathi Addae 0-0: Foul Ball, location: 2F
0-1: Ball
1-1: Called Strike
1-2: Strikes out swinging
Top of the 4th over - 1 run, 2 hits, 0 errors, 1 left on base; Midland 2 - Chattanooga 0
BOTTOM OF THE 4TH
Chattanooga Lookouts batting - Pitching for Midland RockHounds : RHP Tom Coates
Batting: RHB Ruben Martinez 0-0: Foul Ball, location: 2F
0-1: Ball
1-1: Foul Ball, location: 2F
1-2: Strikes out swinging
Batting: LHB Matt Robertson 0-0: Ball
1-0: Foul Ball, location: 2F
1-1: Ball
2-1: Ball
3-1: Ground out 1-3 (Groundball, 13S, EV 73.1 MPH)
Batting: RHB Isaiah Easter 0-0: Called Strike
0-1: Foul Ball, location: 2F
0-2: Foul Ball, location: 2F
0-2: TRIPLE (Flyball, 78XD, EV 102.5 MPH)
Batting: RHB Justin Allison 0-0: Called Strike
0-1: Fly out, F9 (Flyball, 9D, EV 98.1 MPH)
Bottom of the 4th over - 0 runs, 1 hit, 0 errors, 1 left on base; Midland 2 - Chattanooga 0
TOP OF THE 5TH
Midland RockHounds batting - Pitching for Chattanooga Lookouts : RHP Justin Nourse
Batting: RHB Bastiaan Leenders 0-0: Called Strike
0-1: Ground out 4-3 (Groundball, 34, EV 100.0 MPH)
Batting: RHB D.J. Torres 0-0: Called Strike
0-1: Foul Ball, location: 2F
0-2: Ground out 6-3 (Groundball, 6, EV 93.1 MPH)
Batting: RHB Willie de los Santos 0-0: Ball
1-0: SINGLE (Groundball, 6MD, EV 94.4 MPH)
Batting: RHB Mario Ramos 0-0: Called Strike
Willie de los Santos steals 2nd base
0-1: Ball
1-1: Swinging Strike
1-2: Strikes out swinging
Top of the 5th over - 0 runs, 1 hit, 0 errors, 1 left on base; Midland 2 - Chattanooga 0
BOTTOM OF THE 5TH
Chattanooga Lookouts batting - Pitching for Midland RockHounds : RHP Tom Coates
Batting: SHB Chris Ortiz 0-0: Called Strike
0-1: Swinging Strike
0-2: Fly out, F7 (Line Drive, 7, EV 92.5 MPH)
Batting: RHB Bobby Paredes 0-0: Called Strike
0-1: Swinging Strike
0-2: Ball
1-2: Foul Ball, location: 2F
1-2: Ground out 2-3 (Groundball, 2L, EV 74.4 MPH)
Batting: RHB Julian de Reus 0-0: Ball
1-0: Ground out 1-3 (Groundball, 13S, EV 68.8 MPH)
Bottom of the 5th over - 0 runs, 0 hits, 0 errors, 0 left on base; Midland 2 - Chattanooga 0
TOP OF THE 6TH
Midland RockHounds batting - Pitching for Chattanooga Lookouts : RHP Justin Nourse
Batting: LHB Chance Stever 0-0: Ball
1-0: Ball
2-0: Swinging Strike
2-1: Ball
3-1: Base on Balls
Pitching: RHP Mike Ferry
Batting: RHB Jorge Bernal 0-0: Hit by Pitch
Chance Stever to second
Batting: RHB Chris Montgomery 0-0: Swinging Strike
0-1: Swinging Strike
0-2: Ball
1-2: Fly out, F7 (Flyball, 7D, EV 98.1 MPH)
Batting: SHB Quincy Bradford 0-0: Ball
1-0: Ball
2-0: Called Strike
2-1: Called Strike
2-2: Foul Ball, location: 2F
2-2: Ball
3-2: Foul Ball, location: 2F
3-2: Foul Ball, location: 2F
3-2: Fielders Choice at 2nd, 3-6 (Groundball, 34, EV 84.4 MPH)
Chance Stever to third
Batting: RHB Fathi Addae 0-0: Ball
1-0: Ball
2-0: Ball
3-0: Called Strike
3-1: Base on Balls
Quincy Bradford to second
Batting: RHB Bastiaan Leenders 0-0: Foul Ball, location: 2F
0-1: Fly out, F9 (Line Drive, 9, EV 93.1 MPH)
Top of the 6th over - 0 runs, 0 hits, 0 errors, 3 left on base; Midland 2 - Chattanooga 0
BOTTOM OF THE 6TH
Chattanooga Lookouts batting - Pitching for Midland RockHounds : RHP Tom Coates
Batting: RHB Francisque Regras 0-0: Called Strike
0-1: Ball
1-1: Ball
2-1: Ground out 5-3 (Groundball, 56, EV 76.3 MPH)
Batting: LHB Marius Tadini 0-0: SINGLE (Groundball, 56D, EV 103.1 MPH)
Batting: RHB Ruben Martinez 0-0: Called Strike
0-1: Ball
1-1: Called Strike
1-2: Grounds into double play, 4-6-3 (Groundball, 34, EV 105.0 MPH)
Bottom of the 6th over - 0 runs, 1 hit, 0 errors, 0 left on base; Midland 2 - Chattanooga 0
TOP OF THE 7TH
Midland RockHounds batting - Pitching for Chattanooga Lookouts : RHP Mike Ferry
Pitching: RHP Curtis Ferguson
Batting: RHB D.J. Torres 0-0: Foul Ball, location: 2F
0-1: Swinging Strike
0-2: Foul Ball, location: 2F
0-2: Ball
1-2: Ground out 6-3 (Groundball, 6, EV 81.9 MPH)
Batting: RHB Willie de los Santos 0-0: Swinging Strike
0-1: Ball
1-1: Swinging Strike
1-2: Ball
2-2: Strikes out swinging
Batting: RHB Mario Ramos 0-0: Ground out 6-3 (Groundball, 6M, EV 91.9 MPH)
Top of the 7th over - 0 runs, 0 hits, 0 errors, 0 left on base; Midland 2 - Chattanooga 0
BOTTOM OF THE 7TH
Chattanooga Lookouts batting - Pitching for Midland RockHounds : RHP Tom Coates
Batting: LHB Matt Robertson 0-0: Ball
1-0: Ball
2-0: Called Strike
2-1: Ground out 6-3 (Groundball, 6, EV 84.4 MPH)
Batting: RHB Isaiah Easter 0-0: Ball
1-0: Ball
2-0: Ball
3-0: Called Strike
3-1: Called Strike
3-2: Strikes out swinging
Batting: RHB Justin Allison 0-0: Called Strike
0-1: Fly out, F7 (Flyball, 78M, EV 90.0 MPH)
Bottom of the 7th over - 0 runs, 0 hits, 0 errors, 0 left on base; Midland 2 - Chattanooga 0
TOP OF THE 8TH
Midland RockHounds batting - Pitching for Chattanooga Lookouts : RHP Curtis Ferguson
Batting: LHB Chance Stever 0-0: Ball
1-0: Ground out U3 (Groundball, 3, EV 92.5 MPH)
Batting: RHB Jorge Bernal 0-0: Swinging Strike
0-1: Swinging Strike
0-2: Ground out 5-3 (Groundball, 56S, EV 70.0 MPH)
Batting: RHB Chris Montgomery 0-0: SOLO HOME RUN (Flyball, 78XD, EV 100.6 MPH), Distance : 392 ft
Batting: SHB Quincy Bradford 0-0: Ball
1-0: Ball
2-0: Called Strike
2-1: Swinging Strike
2-2: Foul Ball, location: 2F
2-2: Ball
3-2: Foul Ball, location: 2F
3-2: DOUBLE (Flyball, 8LXD, EV 99.4 MPH)
Batting: RHB Fathi Addae 0-0: Foul Ball, location: 2F
0-1: Ball
1-1: Ball
2-1: Foul Ball, location: 2F
2-2: Ball
3-2: Foul Ball, location: 2F
3-2: Fly out, F6 (Line Drive, 6, EV 72.5 MPH)
Top of the 8th over - 1 run, 2 hits, 0 errors, 1 left on base; Midland 3 - Chattanooga 0
BOTTOM OF THE 8TH
Chattanooga Lookouts batting - Pitching for Midland RockHounds : RHP Tom Coates
Batting: SHB Chris Ortiz 0-0: Called Strike
0-1: Called Strike
0-2: Fly out, F4 (Line Drive, 4, EV 70.0 MPH)
Batting: RHB Bobby Paredes 0-0: Ball
1-0: Called Strike
1-1: Called Strike
1-2: Ball
2-2: Strikes out swinging
Batting: RHB Julian de Reus 0-0: Ground out 4-3 (Groundball, 4, EV 104.4 MPH)
Bottom of the 8th over - 0 runs, 0 hits, 0 errors, 0 left on base; Midland 3 - Chattanooga 0
TOP OF THE 9TH
Midland RockHounds batting - Pitching for Chattanooga Lookouts : RHP Curtis Ferguson
Pitching: RHP Jerry McGee
Batting: RHB Bastiaan Leenders 0-0: Called Strike
0-1: SOLO HOME RUN (Flyball, 8LXD, EV 101.3 MPH), Distance : 406 ft
Batting: RHB D.J. Torres 0-0: Ball
1-0: Ball
2-0: Ball
3-0: Called Strike
3-1: Base on Balls
Batting: RHB Willie de los Santos 0-0: Foul Ball, location: 2F
0-1: Swinging Strike
0-2: Ball
1-2: SINGLE (Groundball, P, EV 84.4 MPH) (infield hit)
D.J. Torres to second
Batting: RHB Mario Ramos 0-0: Ball
1-0: Ball
2-0: Bunt missed!
2-1: Sac Bunt to 25 - play at first, batter safe!
D.J. Torres to third
Willie de los Santos to second
Batting: LHB Chance Stever 0-0: Ball
1-0: Foul Ball, location: 2F
1-1: Called Strike
1-2: Fly out, F8 (Flyball, 8RS, EV 86.9 MPH)
Batting: RHB Jorge Bernal 0-0: Foul Ball, location: 2F
0-1: Ball
1-1: Foul Ball, location: 2F
1-2: Ball
2-2: Ball
3-2: Foul Ball, location: 2F
3-2: Base on Balls
D.J. Torres scores
Willie de los Santos to third
Mario Ramos to second
Pitching: LHP Craig Anderson
Batting: RHB Chris Montgomery 0-0: Foul Ball, location: 2F
0-1: Ball
1-1: Swinging Strike
1-2: Fielders Choice at 2nd, 3-6 (Groundball, 34S, EV 81.9 MPH)
Willie de los Santos scores
Mario Ramos to third
Batting: SHB Quincy Bradford 0-0: SINGLE (Groundball, 34D, EV 96.3 MPH)
Mario Ramos scores
Chris Montgomery to second
Runner from 2nd tries for 3rd, SAFE, throw by RF made to third
Quincy Bradford to second
Batting: RHB Fathi Addae 0-0: Called Strike
0-1: Foul Ball, location: 2F
0-2: 3-RUN HOME RUN (Line Drive, 7LD, EV 97.5 MPH), Distance : 374 ft
Batting: RHB Bastiaan Leenders 0-0: Ground out 3-1 (Groundball, 34, EV 80.0 MPH)
Top of the 9th over - 7 runs, 5 hits, 0 errors, 0 left on base; Midland 10 - Chattanooga 0
BOTTOM OF THE 9TH
Chattanooga Lookouts batting - Pitching for Midland RockHounds : RHP Tom Coates
Batting: RHB Francisque Regras 0-0: Ground out 6-3 (Groundball, 6, EV 85.6 MPH)
Pinch Hitting: LHB Kozo Kanamori 0-0: Ball
1-0: DOUBLE (Groundball, 5L, EV 103.8 MPH)
Pitching: LHP Jin-ho Koo
Batting: RHB Ruben Martinez 0-0: Called Strike
0-1: Ball
1-1: Ball
2-1: Called Strike
2-2: Strikes out swinging
Batting: LHB Matt Robertson 0-0: Called Strike
0-1: Ball
1-1: Ball
2-1: Ball
3-1: Foul Ball, location: 2F
3-2: SINGLE (Groundball, 34S, EV 68.1 MPH) (infield hit)
Kozo Kanamori to third
Batting: RHB Isaiah Easter 0-0: Called Strike
0-1: SINGLE (Groundball, 34D, EV 96.3 MPH)
Kozo Kanamori scores
Matt Robertson to second
Pinch Hitting: RHB Masaichi Tokunaga 0-0: Ball
1-0: Ball
2-0: Ground out U3 (Groundball, 34S, EV 81.9 MPH)
Bottom of the 9th over - 1 run, 3 hits, 0 errors, 2 left on base; Midland 10 - Chattanooga 1
Thursday, March 31st , 2022 - OOTP Baseball 22.12 Build 89